 Dungeon Crawl Stone Soup version 0.27.0-1-g7a089689b8 (webtiles) character file.

Game seed: 16456663637651986784

1554 dtburroughs the Skirmisher (level 8, -9/52 HPs)
             Began as a Gargoyle Berserker on July 31, 2021.
             Was a Believer of Trog.
             Splashed by Maggie's acid (17 damage)
             ... on level 6 of the Dungeon.
             The game lasted 00:14:01 (6123 turns).

dtburroughs the Skirmisher (Gargoyle Berserker)     Turns: 6123, Time: 00:14:02

Health: -9/52      AC: 18    Str: 21    XL:     8   Next: 88%
Magic:  8/8        EV:  6    Int: 10    God:    Trog [**....]
Gold:   261        SH: 10    Dex:  9    Spells: 7/7 levels left

rFire    . . .     SeeInvis .   t - +0 morningstar
rCold    . . .     Faith    .   c - +2 kite shield
rNeg     + . .     Spirit   .   d - +0 chain mail
rPois    ∞         Reflect  .   (no helmet)
rElec    +         Harm     .   (no cloak)
rCorr    .         Rampage  .   i - +0 pair of gloves
Will     .....                  u - +0 pair of boots
Stlth    ..........             (no amulet)
HPRegen  0.17/turn              (no ring)
MPRegen  0.11/turn              (no ring)

@: on berserk cooldown, mesmerised, slowed, very slow
A: sickness immunity, AC +5, negative energy resistance 1, electricity
resistance, torment resistance 1, petrification resistance
a: Renounce Religion, Berserk, Trog's Hand


You were on level 6 of the Dungeon.
You worshipped Trog.
Trog was pleased with you.
You visited 1 branch of the dungeon, and saw 6 of its levels.

You collected 261 gold pieces.

Inventory:

Hand Weapons
 a - a +0 mace
 t - a +0 morningstar (weapon)
 y - a +0 war axe of flaming
 A - a +2 whip of venom
Missiles
 m - 4 silver javelins (quivered)
 z - a throwing net
Armour
 c - a +2 kite shield (worn)
 d - a +0 chain mail (worn)
 i - a +0 pair of gloves (worn)
 u - a +0 pair of boots (worn)
Scrolls
 b - a scroll of magic mapping {unknown}
 g - 6 scrolls of identify {unknown}
 k - 3 scrolls of noise {unknown}
 n - a scroll of enchant weapon {unknown}
 q - a scroll of teleportation {unknown}
 r - a scroll of blinking {unknown}
 s - a scroll of immolation {unknown}
 v - 3 scrolls of summoning {unknown}
 w - a scroll of enchant armour {unknown}
 C - a scroll of acquirement {unknown}
Potions
 e - a potion of haste {unknown}
 f - 4 potions of curing {unknown}
 h - 3 potions of heal wounds {unknown}
 j - a potion of magic {unknown}
 l - a potion of degeneration {unknown}
 o - 2 potions of flight {unknown}
 p - a potion of experience {unknown}
 B - a potion of cancellation {unknown}


   Skills:
 * Level 6.6 Fighting
 + Level 1.1(3.6) Axes
 * Level 6.0(6.1) Maces & Flails
 + Level 5.7 Armour
 * Level 4.6 Dodging
 + Level 1.4 Shields
 + Level 1.2 Evocations


You had 7 spell levels left.
You didn't know any spells.
Your spell library was empty.

Dungeon Overview and Level Annotations

Branches:
Dungeon (6/15)             Temple (0/1) D:6

Altars:
Hepliaklqana
Makhleb
Ru
Yredelemnul

Shops:
D:1 *   D:2 [[?[:   D:4 [

Annotations:
D:6 Maggie


Innate Abilities, Weirdness & Mutations

You are immune to sickness and miasma.
Your stone body is resilient. (AC +5)
You are immune to poison.
You resist negative energy. (rN+)
You are resistant to electric shocks. (rElec)
You are resistant to unholy torment.
You are immune to petrification.


Message History

Maggie is heavily wounded.
Maggie says, "Leave now, and tell all of Margery's mercy!"
Maggie hits you but does no damage.
You puncture Maggie!
Maggie is severely wounded.
You are no longer berserk.
You are exhausted.
You feel yourself slow down.
You feel the effects of Trog's Hand fading.
Maggie hits you with a +1 scimitar of electrocution.
You puncture Maggie!
Maggie is almost dead.
You are no longer corroded.
You block Maggie's attack.
Maggie mumbles some strange words.
Maggie attempts to bespell you! You resist with almost no effort.
You closely miss Maggie.
Maggie is almost dead.
Your skin stops crawling.
You feel less strong-willed.
Maggie zaps a wand.
The bolt of acid misses you. Maggie hits you but does no damage.
Your chain mail prevents you from hitting Maggie.
Maggie is almost dead.
Maggie smiles, but it's obviously fake.
Maggie gestures wildly while chanting.
Maggie attempts to bespell you!
You are mesmerised by Maggie!
Maggie zaps a wand.
The bolt of acid misses you.
You barely miss Maggie.
Maggie is almost dead.
Maggie shouts, "Leave me alone!"
Maggie hits you with a +1 scimitar of electrocution.
Maggie hits you but does no damage.
You hit Maggie.
Maggie is almost dead.
Maggie zaps a wand.
The bolt of acid hits you.
You are splashed with acid!
Maggie zaps a wand.
The bolt of acid hits you!
* * * LOW HITPOINT WARNING * * *
You are splashed with acid!
You die...

###############
..............#
..[...........#
..............#
......@@......########
####....######........
#....#....'(.......
#....#....#........
#....#....#........
#....#....#########
#....#..........
####....###..##....
..........#..# .##


You could see Maggie (mesmerising).

Vanquished Creatures
  Grinder (D:6)
  An orc warrior (D:6)
  A necrophage (D:5)
  3 ogres
  A phantom (D:5)
  A gnoll sergeant (D:5)
  3 scorpions
  4 wights (D:4)
  A bullfrog zombie (D:5)
  2 hounds
  An orc priest (D:5)
  4 iguanas
  Ijyb (D:5)
  A hound skeleton (D:4)
  4 gnolls (D:5)
  7 adders
  A white imp (D:6)
  An ufetubus (D:4)
  An adder skeleton (D:4)
  A worm (D:2)
  A dart slug (D:1)
  9 orcs
  9 endoplasms
  A giant cockroach (D:1)
  6 goblins
  7 hobgoblins
  4 jackals
  7 kobolds
  4 quokkas
  11 ball pythons
  3 bats
  4 frilled lizards (D:1)
  9 rats
  A spectral kobold (D:3)
116 creatures vanquished.

Notes
Turn   | Place    | Note
-------+----------+-------------------------------------------
     0 | D:1      | dtburroughs the Gargoyle Berserker began the quest for the
                  | Orb.
     0 | D:1      | Reached XP level 1. HP: 14/14 MP: 1/1
   124 | D:1      | Reached XP level 2. HP: 17/19 MP: 2/2
   208 | D:1      | Found Goimpaag's General Store.
   508 | D:1      | Reached XP level 3. HP: 21/23 MP: 3/3
   933 | D:2      | Found Temase's Book Emporium.
  1291 | D:2      | Found Enaoxil's Antique Armour Shop.
  1358 | D:2      | Reached XP level 4. HP: 14/29 MP: 4/4
  1795 | D:2      | Found Tuwoll's Antique Armour Shoppe.
  1797 | D:2      | Found Milohu's Armour Shop.
  1879 | D:2      | Found Teopimihe's Magic Scroll Shop.
  2332 | D:3      | Reached ** piety under Trog
  2498 | D:3      | Found a sacrificial altar of Ru.
  2498 | D:3      | Found a burning altar of Makhleb.
  2573 | D:3      | Found a faded altar of an unknown god.
  2809 | D:4      | Reached XP level 5. HP: 21/33 MP: 5/5
  3008 | D:4      | Found Uwuzxuydou's Armour Shoppe.
  3140 | D:4      | Reached XP level 6. HP: 23/39 MP: 6/6
  3368 | D:4      | HP: 2/40 [frozen (4)]
  3373 | D:4      | HP: 1/40 [frozen (5)]
  3386 | D:4      | HP: 2/40 [frozen (1)]
  3818 | D:4      | Reached skill level 5 in Fighting
  3818 | D:4      | Reached XP level 7. HP: 34/44 MP: 7/7
  4163 | D:4      | Found a basalt altar of Yredelemnul.
  4163 | D:4      | Found a hazy altar of Hepliaklqana.
  4488 | D:5      | Entered Level 5 of the Dungeon
  4528 | D:4      | Reached skill level 5 in Maces & Flails
  4598 | D:5      | Reached skill level 5 in Armour
  4654 | D:5      | Reached XP level 8. HP: 31/51 MP: 8/8
  4799 | D:5      | Noticed Ijyb
  4824 | D:5      | Killed Ijyb
  5751 | D:6      | Found a staircase to the Ecumenical Temple.
  5844 | D:6      | Noticed Grinder
  5863 | D:6      | Killed Grinder
  5864 | D:6      | Reached skill level 1 in Axes
  5864 | D:6      | Reached skill level 1 in Shields
  5864 | D:6      | Reached skill level 1 in Evocations
  6100 | D:6      | Noticed Maggie
  6123 | D:6      | Splashed by Maggie's acid

Illustrated notes

Levels and vault maps discovered:
D:1:      noname_arrival_rooms_in_the_neighbourhood, layout_rooms, serial_shops,
          shop, minmay_ruptured
D:2:      layout_basic, serial_shops, shop, nicolae_diamond_shop,
          nicolae_lakefront_shop, nicolae_shop_stone, shop_scrolls, hex_medium,
          st_stairs_9, minmay_increasing_density
D:3:      layout_basic, gammafunk_temple_overflow_wave,
          dreamdust_ecumenical_altar_drowned_temple
D:4:      layout_rooms, jmf_multi_god_temple, serial_shops, shop,
          nicolae_underground_beach
D:5:      layout_rooms, uniq_ijyb
D:6:      layout_gridville, minmay_temple_entry_mist, uniq_grinder, uniq_maggie

Skill      XL: |  1  2  3  4  5  6  7  8 |
---------------+-------------------------+-----
Dodging        | 2 3 4 |  4.6
Armour         | 3 4 5 |  5.7
Fighting       | 4 5 6 |  6.6
Maces & Flails | 4 5 6 |  6.0
Axes           | 1 |  1.1
Shields        | 1 |  1.4
Evocations     | 1 |  1.2

Action                   |  1- 3 |  4- 6 |  7- 9 || total
-------------------------+-------+-------+-------++-------
Melee: Mace              |   125 |   144 |       ||   269
       Morningstar       |       |    29 |   211 ||   240
Invok: Berserk           |     1 |     2 |     3 ||     6
       Trog's Hand       |       |     3 |     3 ||     6
Evoke: Wand              |       |       |     2 ||     2
Armor: Animal skin       |     8 |       |       ||     8
       Chain mail        |    62 |   137 |   153 ||   352
Dodge: Dodged            |    38 |    44 |    59 ||   141
Block: Kite shield       |    62 |   106 |   114 ||   282
